 Dungeon Crawl Stone Soup version 0.31.0-11-ge490571c62 (webtiles) character file.

Game seed: 9047895850258572101

13195 Calvin the Thaumaturge (level 12, -2/136 HPs)
             Began as a Gnoll Air Elementalist on Feb 5, 2024.
             Was a High Priest of the Shining One.
             Slain by an orc warrior
             ... wielding a +0 halberd
              (5 damage)
             ... on level 2 of the Orcish Mines.
             The game lasted 01:03:56 (11921 turns).

Calvin the Thaumaturge (Gnoll Air Elementalist)    Turns: 11921, Time: 01:03:57

Health: -2/136     AC: 26    Str: 15    XL:     12   Next: 3%
Magic:  1/33       EV:  2    Int: 16    God:    the Shining One [*****.]
Gold:   1024       SH:  5    Dex: 13    Spells: 6/28 levels left

rFire   + . .        y - staff of Evil {rPois rC+ Will+ MP+9 Str+4 Alchemy}
rCold   + . .        (no shield)
rNeg    + + .        i - melded +3 leather armour {rC+}
rPois   +            s - melded +1 hat
rElec   .            (cloak currently unavailable)
rCorr   .            d - melded +2 pair of gloves
SInv    .            (boots currently unavailable)
Will    +....        f - amulet of reflection
Stlth   ++           e - ring of protection from fire
HPRegen 0.42/turn    m - ring of poison resistance
MPRegen 0.23/turn

%: reflection
@: brilliant, tree-form, glowing
A: stationary, stasis, torment immunity, boosted hp, (fangs 1), strong nose,
distributed training, (deformed body)
a: Renounce Religion, Divine Shield, Cleansing Flame, Summon Divine Warrior


You were on level 2 of the Orcish Mines.
You worshipped the Shining One.
The Shining One was extremely pleased with you.
You were a tree.
You visited 2 branches of the dungeon, and saw 11 of its levels.
You also visited: Sewer.

You collected 1024 gold pieces.

Inventory:

Hand Weapons
 l - a +3 short sword of venom
 n - a +0 falchion of chaos
Missiles
 p - 12 boomerangs (quivered)
Armour
 d - a +2 pair of gloves (melded)
 i - a +3 leather armour of cold resistance (melded)
 s - a +1 hat (melded)
Magical Staves
 y - the staff of Evil (weapon) {rPois rC+ Will+ MP+9 Str+4 Alchemy}
   (You found it on level 7 of the Dungeon)

   [staff of alchemy]

   Base accuracy: +5 Base damage: 5 Base attack delay: 1.2 This weapon's minimum
   attack delay (0.6) is reached at skill level 12.
   Str+4:     It affects your strength (+4).
   rC+:       It protects you from cold.
   rPois:     It protects you from poison Will+: It increases your willpower.
   MP+9:      It affects your magic capacity (+9).
   Alchemy:   It increases the power of your Alchemy spells.
   It falls into the 'Staves' category.
   It is a one-handed weapon.
Jewellery
 a - a ring of see invisible
 e - a ring of protection from fire (left branch)
 f - an amulet of reflection (around neck)
 k - a ring of wizardry
 m - a ring of poison resistance (right branch)
 q - an amulet of faith
 t - a ring of ice
 u - a ring of willpower
 x - a +6 ring of dexterity
 z - an amulet of magic regeneration
Wands
 h - a wand of polymorph (22)
Scrolls
 g - a scroll of noise
 j - 2 scrolls of teleportation
Miscellaneous
 w - a phantom mirror (inert)


   Skills:
 + Level 7.1 Fighting
 + Level 7.1 Short Blades
 + Level 7.1 Long Blades
 + Level 7.1 Axes
 + Level 7.1 Maces & Flails
 + Level 7.1 Polearms
 + Level 7.1 Staves
 + Level 7.1 Ranged Weapons
 + Level 7.1 Throwing
 + Level 7.1 Armour
 + Level 8.5 Dodging
 + Level 8.3 Stealth
 + Level 7.1 Shields
 + Level 7.1 Unarmed Combat
 + Level 8.8 Spellcasting
 + Level 6.3 Conjurations
 + Level 5.9 Hexes
 + Level 5.9 Summonings
 + Level 5.9 Necromancy
 + Level 5.9 Translocations
 + Level 5.9 Fire Magic
 + Level 5.9 Ice Magic
 + Level 8.1 Air Magic
 + Level 5.9 Earth Magic
 + Level 5.9 Alchemy
 + Level 7.8 Invocations
 + Level 7.1 Evocations
 + Level 6.5 Shapeshifting


You had 6 spell levels left.
You knew the following spells:

 Your Spells              Type           Power      Damage    Failure   Level
a - Shock                 Conj/Air       100%       1d9       1%          1
b - Static Discharge      Conj/Air       90%        3-7/arc   1%          2
c - Swiftness             Air            49%        N/A       1%          3
d - Airstrike             Air            24%        2d(4-20)  3%          4
e - Vhi's Electric Charg  Tloc/Air       88%        N/A       5%          4
f - Olgreb's Toxic Radia  Alch           55%        N/A       9%          4
g - Summon Blazeheart Go  Fire/Summ      39%        N/A       9%          4

Your spell library contained the following spells:

 Spells                   Type           Power      Damage    Failure   Level
 Apportation              Tloc           78%        N/A       1%          1
 Necrotise                Necr           100%       1d9       1%          1
 Sting                    Conj/Alch      100%       1d9       1%          1
 Summon Small Mammal      Summ           100%       N/A       1%          1
 Mercury Vapours          Alch/Air       100%       N/A       1%          2
 Orb of Destruction       Conj           20%        9d8       100%        7
 Spellforged Servitor     Conj/Summ      20%        N/A       100%        7


Dungeon Overview and Level Annotations

Branches:
Dungeon (9/15)             Temple (0/1) D:4             Orc (2/2) D:9
  Sewer (visited)
   Lair: D:8-11         Elf: Orc:2

Altars:
Cheibriados
Gozag
Hepliaklqana
Okawaru
Qazlal
Sif Muna
Trog
Uskayaw
Vehumet
Xom
Zin
The Shining One

Shops:
Orc:2 (

Annotations:
D:3 exclusion: statue


Innate Abilities, Weirdness & Mutations

You are a tree.
Your roots penetrate the ground, keeping you stationary.
You cannot be teleported.
You are immune to unholy pain and torment.
Your maximum health is greatly increased.
Your equipment is partially melded.
((You have very sharp teeth.))
Your uncanny sense of smell can sniff out nearby items.
Your experience applies equally to all skills.
((Armour fits poorly on your strangely shaped body.))


Message History

Aim: an orc warrior, wielding a +0 halberd and wearing a +1 plate armour of poison resistance (lightly wounded, haloed, empty space bonus: 7/8)
You feel a surge of power!
The air twists around and strikes the orc warrior but does no damage.
The orc warrior hits you with a +0 hand axe.
* * * LOW HITPOINT WARNING * * *
The orc warrior hits you but does no damage.
Casting: Airstrike (mildly dangerous; 3% risk of failure)
Confirm with . or Enter, or press ? or * to list all spells.
Aiming: Airstrike (mildly dangerous; 3% risk of failure)
Press: ? - help, Dir - move target, f/p - orc warrior
Aim: an orc warrior, wielding a +0 halberd and wearing a +1 plate armour of poison resistance (lightly wounded, haloed, empty space bonus: 7/8)
You feel a surge of power!
The air twists around and strikes the orc warrior.
The orc warrior is moderately wounded.
The orc warrior hits you but does no damage.
The orc warrior hits you from afar with a +0 halberd.
* * * LOW HITPOINT WARNING * * *
Casting: Airstrike (mildly dangerous; 3% risk of failure)
Confirm with . or Enter, or press ? or * to list all spells.
Aiming: Airstrike (mildly dangerous; 3% risk of failure)
Press: ? - help, Dir - move target, f/p - orc warrior
Aim: an orc warrior, wielding a +0 halberd and wearing a +1 plate armour of poison resistance (moderately wounded, haloed, empty space bonus: 7/8)
You feel a surge of power!
The air twists around and strikes the orc warrior!
The orc warrior is severely wounded.
The orc warrior hits you but does no damage.
The orc warrior hits you from afar with a +0 halberd.
* * * LOW HITPOINT WARNING * * *
Unknown command.
You barely miss the orc warrior.
The orc warrior is heavily wounded.
The orc warrior hits you but does no damage. x2
You hit the orc warrior but do no damage.
The orc warrior is heavily wounded.
You hit the orc warrior but do no damage.
You envenom the orc warrior!
The orc warrior is poisoned.
The orc warrior is almost dead.
The orc warrior hits you but does no damage.
The orc warrior hits you from afar with a +0 halberd.
You die...

###........ P.
##.#......$ ...
#.......#.#
....##.......#.#
#...#......#...# #
#........###..##.##
#.......###)o.....#
##..#..###o)...####
#.. #.....♣)....#
O.. #...†[.....##
.. #........### .
##...<.### #######


You could see 2 orc warriors.

Vanquished Creatures
  A two-headed ogre (D:9)
  3 orc high priests
  Nergalle (Orc:1)
  An orc knight (Orc:2)
  2 orc sorcerers (Orc:2)
  2 cyclopes (D:7)
  A gargoyle (D:7)
  An unseen horror (D:7)
  2 komodo dragons (D:7)
  4 trolls
  A hornet (D:4)
  Grinder (D:4)
  A slime creature (D:7)
  A wraith (D:7)
  Eustachio (D:4)
  A warg (Orc:2)
  A wyvern (D:8)
  A yak (D:7)
  Menkaure (D:7)
  A water moccasin (D:5)
  A sky beast (D:8)
  15 orc warriors
  3 ogres
  4 centaurs
  3 phantoms
  2 kobold brigands
  5 bullfrogs
  A gnoll sergeant (D:8)
  3 wights (D:6)
  3 howler monkeys (D:9)
  2 bombardier beetles
  2 jellies
  14 orc priests
  3 hounds
  4 iguanas
  Ijyb (D:3)
  Natasha (thrice) (D:3)
  10 orc wizards
  3 gnolls (D:8)
  2 river rats (D:3)
  14 adders
  2 white imps (D:6)
  6 ribbon worms
  12 dart slugs
  35 orcs
  10 endoplasms
  9 giant cockroaches
  9 goblins
  8 hobgoblins
  8 jackals
  7 kobolds
  8 quokkas
  6 ball pythons
  8 bats
  13 frilled lizards
  5 rats
272 creatures vanquished.

Vanquished Creatures (collateral kills)
  A two-headed ogre (D:9)
1 creature vanquished.

Grand Total: 273 creatures vanquished

Notes
Turn   | Place    | Note
-------+----------+-------------------------------------------
     0 | D:1      | Calvin the Gnoll Air Elementalist began the quest for the
                  | Orb.
     0 | D:1      | Reached XP level 1. HP: 13/13 MP: 6/6
    95 | D:1      | Reached XP level 2. HP: 19/19 MP: 5/7
   110 | D:1      | Learned a level 2 spell: Static Discharge
   321 | D:1      | Reached skill level 5 in Spellcasting
   321 | D:1      | Reached XP level 3. HP: 17/25 MP: 3/9
   579 | D:2      | Reached skill level 1 in Invocations
   701 | D:2      | Reached skill level 1 in Fighting
   701 | D:2      | Reached skill level 1 in Short Blades
   701 | D:2      | Reached skill level 1 in Long Blades
   701 | D:2      | Reached skill level 1 in Axes
   701 | D:2      | Reached skill level 1 in Maces & Flails
   701 | D:2      | Reached skill level 1 in Polearms
   701 | D:2      | Reached skill level 1 in Staves
   701 | D:2      | Reached skill level 1 in Ranged Weapons
   701 | D:2      | Reached skill level 1 in Throwing
   701 | D:2      | Reached skill level 1 in Armour
   701 | D:2      | Reached skill level 1 in Shields
   701 | D:2      | Reached skill level 1 in Unarmed Combat
   701 | D:2      | Reached skill level 1 in Evocations
   793 | D:1      | Learned a level 3 spell: Swiftness
  1008 | D:2      | Reached skill level 1 in Shapeshifting
  1008 | D:2      | Reached XP level 4. HP: 32/32 MP: 11/11
  1085 | D:1      | Prayed at the altar of an unknown god.
  1085 | D:1      | Became a worshipper of the Shining One
  1085 | D:1      | Reached * piety under the Shining One
  1811 | D:3      | Reached skill level 1 in Hexes
  1811 | D:3      | Reached skill level 1 in Summonings
  1811 | D:3      | Reached skill level 1 in Necromancy
  1811 | D:3      | Reached skill level 1 in Translocations
  1811 | D:3      | Reached skill level 1 in Fire Magic
  1811 | D:3      | Reached skill level 1 in Ice Magic
  1811 | D:3      | Reached skill level 1 in Earth Magic
  1811 | D:3      | Reached skill level 1 in Alchemy
  1911 | D:3      | Found an iron altar of Okawaru.
  1930 | D:3      | Noticed Ijyb
  1932 | D:3      | Found an opulent altar of Gozag.
  1940 | D:3      | Killed Ijyb
  1956 | D:3      | Found an opulent altar of Gozag.
  1969 | D:3      | Reached XP level 5. HP: 20/37 MP: 7/12
  2251 | D:3      | Noticed Natasha
  2331 | D:3      | Found a glowing drain.
  2349 | Sewer    | Entered a sewer
  2399 | Sewer    | Learned a level 4 spell: Airstrike
  2584 | Sewer    | Reached XP level 6. HP: 42/44 MP: 9/13
  2589 | Sewer    | Reached ** piety under the Shining One
  2751 | Sewer    | Reached skill level 5 in Dodging
  2773 | Sewer    | Got the Elucidation of Ozone
  2908 | D:3      | Found an opulent altar of Gozag.
  2918 | D:3      | Killed Natasha
  3006 | D:3      | Found an opulent altar of Gozag.
  3056 | D:3      | Found a radiant altar of Vehumet.
  3352 | D:3      | Noticed Natasha
  3383 | D:3      | Killed Natasha
  3384 | D:3      | Reached XP level 7. HP: 45/50 MP: 4/15
  3580 | D:3      | Noticed Natasha
  3584 | D:3      | Killed Natasha
  3606 | D:3      | Learned a level 4 spell: Vhi's Electric Charge
  3636 | D:4      | Noticed Eustachio
  3656 | D:4      | Killed Eustachio
  3657 | D:4      | Reached skill level 5 in Stealth
  4231 | D:4      | Noticed Grinder
  4234 | D:4      | Noticed a hornet
  4244 | D:4      | Paralysed by Grinder for 4 turns
  4296 | D:4      | Killed a hornet
  4297 | D:4      | Reached XP level 8. HP: 41/58 MP: 1/16
  4447 | D:4      | Killed Grinder
  4575 | D:4      | Found a staircase to the Ecumenical Temple.
  5278 | D:5      | Entered Level 5 of the Dungeon
  5379 | D:5      | Learned a level 4 spell: Olgreb's Toxic Radiance
  5812 | D:5      | Found a snail-covered altar of Cheibriados.
  5812 | D:5      | Found a glowing silver altar of Zin.
  5853 | D:5      | Reached *** piety under the Shining One
  6024 | D:6      | Reached XP level 9. HP: 56/65 MP: 11/18
  6147 | D:6      | Found a hazy altar of Hepliaklqana.
  6272 | D:6      | Found a stormy altar of Qazlal.
  6731 | D:7      | Noticed an unseen horror
  6750 | D:7      | Killed an unseen horror
  6763 | D:7      | Noticed a cyclops
  6763 | D:7      | Noticed a cyclops
  6772 | D:7      | Noticed a komodo dragon
  6797 | D:7      | Reached skill level 5 in Invocations
  7005 | D:7      | Noticed Menkaure
  7028 | D:7      | Killed a cyclops
  7035 | D:7      | Killed Menkaure
  7101 | D:7      | Killed a komodo dragon
  7102 | D:7      | Reached skill level 5 in Fighting
  7102 | D:7      | Reached skill level 5 in Short Blades
  7102 | D:7      | Reached skill level 5 in Long Blades
  7102 | D:7      | Reached skill level 5 in Axes
  7102 | D:7      | Reached skill level 5 in Maces & Flails
  7102 | D:7      | Reached skill level 5 in Polearms
  7102 | D:7      | Reached skill level 5 in Staves
  7102 | D:7      | Reached skill level 5 in Ranged Weapons
  7102 | D:7      | Reached skill level 5 in Throwing
  7102 | D:7      | Reached skill level 5 in Armour
  7102 | D:7      | Reached skill level 5 in Shields
  7102 | D:7      | Reached skill level 5 in Unarmed Combat
  7102 | D:7      | Reached skill level 5 in Evocations
  7102 | D:7      | Reached XP level 10. HP: 67/74 MP: 0/20
  7309 | D:7      | Noticed a gargoyle
  7343 | D:7      | Killed a cyclops
  7352 | D:7      | Killed a gargoyle
  7380 | D:7      | Reached skill level 5 in Conjurations
  7521 | D:7      | Reached skill level 5 in Shapeshifting
  7957 | D:7      | Found the +8 whip "Snakebite" {venom, curare, rPois}
  7979 | D:7      | Identified the staff of Evil {rPois rC+ Will+ MP+9 Str+4
                  | Alchemy}
  8266 | D:8      | Reached **** piety under the Shining One
  8553 | D:8      | Identified the +3 mace of Arrival {protect, rN+ Will+
                  | Int+5}
  8740 | D:8      | Identified the +2 robe of Cuifriex {Int+2}
  9081 | D:8      | Found a shimmering altar of Xom.
  9154 | D:9      | Noticed a two-headed ogre
  9160 | D:9      | Killed a two-headed ogre
  9169 | D:9      | Noticed a two-headed ogre
  9177 | D:9      | Killed a two-headed ogre
  9178 | D:9      | Reached skill level 5 in Hexes
  9178 | D:9      | Reached skill level 5 in Summonings
  9178 | D:9      | Reached skill level 5 in Necromancy
  9178 | D:9      | Reached skill level 5 in Translocations
  9178 | D:9      | Reached skill level 5 in Fire Magic
  9178 | D:9      | Reached skill level 5 in Ice Magic
  9178 | D:9      | Reached skill level 5 in Earth Magic
  9178 | D:9      | Reached skill level 5 in Alchemy
  9178 | D:9      | Reached XP level 11. HP: 49/81 MP: 17/23
  9298 | D:9      | Found a shimmering blue altar of Sif Muna.
  9344 | D:9      | Learned a level 4 spell: Summon Blazeheart Golem
  9380 | D:9      | Found a bloodstained altar of Trog.
  9457 | D:9      | Found a staircase to the Orcish Mines.
  9677 | D:9      | Found a hide-covered altar of Uskayaw.
 10021 | Orc:1    | Entered Level 1 of the Orcish Mines
 10461 | Orc:2    | Entered Level 2 of the Orcish Mines
 10461 | Orc:2    | Noticed an orc knight
 10463 | Orc:2    | Noticed an orc sorcerer
 10466 | Orc:2    | Noticed a sun demon
 10472 | Orc:2    | Killed an orc sorcerer
 10489 | Orc:2    | Killed an orc knight
 10645 | Orc:2    | Found Sadd's Antique Weapon Shoppe.
 10666 | Orc:2    | Noticed an orc knight
 11292 | Orc:1    | Noticed Nergalle
 11304 | Orc:1    | Killed Nergalle
 11505 | Orc:1    | Noticed an orc high priest
 11506 | Orc:1    | Noticed an orc high priest
 11510 | Orc:1    | Gained mutation: Armour fits poorly on your strangely
                  | shaped body. [a neqoxec]
 11512 | Orc:1    | Killed an orc high priest
 11518 | Orc:1    | Killed an orc high priest
 11802 | Orc:2    | Noticed an orc high priest
 11811 | Orc:2    | Killed an orc high priest
 11884 | Orc:2    | Noticed an orc sorcerer
 11893 | Orc:2    | Paralysed by an orc sorcerer for 5 turns
 11902 | Orc:2    | Killed an orc sorcerer
 11902 | Orc:2    | Reached ***** piety under the Shining One
 11903 | Orc:2    | Reached XP level 12. HP: 28/91 MP: 4/24
 11916 | Orc:2    | HP: 6/136 [orc warrior/+0 hand axe (2)]
 11918 | Orc:2    | HP: 2/136 [orc warrior/+0 halberd (2)]
 11921 | Orc:2    | Slain by an orc warrior

Illustrated notes

Levels and vault maps discovered:
D:1:      spicycebolla_arrival_ecumenical, layout_basic, minivault_5,
          minmay_misc_feat_x
D:2:      layout_loops_ring
D:3:      layout_basic, kennysheep_okawaru_gauntlet, vehumet_statue,
          nicolae_gozag_conspicuous_consumption, lightli_sewer_entry_pipes,
          amcnicky_mini_corridor_feature, uniq_natasha, uniq_ijyb
D:4:      layout_loops_corners, minmay_temple_entry_statues_pillars,
          uniq_grinder, uniq_eustachio
D:5:      layout_rooms, gammafunk_temple_overflow_statue
D:6:      layout_rooms, lemuel_doored_altar, nicolae_qazlal_style_of_elements
D:7:      minmay_the_grid_triangle_9x9_rhombus_thin
          [minmay_the_grid_triangle_9x9_corruption,
          minmay_the_grid_triangle_9x9_prize_center,
          minmay_the_grid_triangle_9x9_odd_lines,
          minmay_the_grid_triangle_9x9_warning], layout_rooms, uniq_menkaure
D:8:      layout_gridville, amcnicky_altar_gilded, st_stairs_7
D:9:      layout_small_grid, nicolae_uskayaw_suspiria,
          mainiacjoe_overflow_cross_hatched,
          mainiacjoe_overflow_concentric_impassable, david_orc_2
Orc:1:    layout_caves, basic_altar, nicolae_orc_seminary, uniq_nergalle
Orc:2:    grunt_orc_gardens, layout_diamond_mine, grunt_orc_garden,
          grunt_orc_garden, grunt_orc_garden, grunt_orc_garden, serial_shops,
          shop, nicolae_shop_vocational

Skill      XL: |  1  2  3  4  5  6  7  8  9 10 11 |
---------------+----------------------------------+-----
Conjurations   | 2 3 4 5 6 |  6.3
Spellcasting   | 5 6 7 8 |  8.8
Invocations    | 1 2 3 4 5 6 7 |  7.8
Fighting       | 1 2 3 4 5 6 7 |  7.1
Short Blades   | 1 2 3 4 5 6 7 |  7.1
Long Blades    | 1 2 3 4 5 6 7 |  7.1
Axes           | 1 2 3 4 5 6 7 |  7.1
Maces & Flails | 1 2 3 4 5 6 7 |  7.1
Polearms       | 1 2 3 4 5 6 7 |  7.1
Staves         | 1 2 3 4 5 6 7 |  7.1
Ranged Weapons | 1 2 3 4 5 6 7 |  7.1
Throwing       | 1 2 3 4 5 6 7 |  7.1
Armour         | 1 2 3 4 5 6 7 |  7.1
Shields        | 1 2 3 4 5 6 7 |  7.1
Unarmed Combat | 1 2 3 4 5 6 7 |  7.1
Evocations     | 1 2 3 4 5 6 7 |  7.1
Shapeshifting  | 1 2 3 4 5 6 |  6.5
Hexes          | 1 2 3 4 5 |  5.9
Summonings     | 1 2 3 4 5 |  5.9
Necromancy     | 1 2 3 4 5 |  5.9
Translocations | 1 2 3 4 5 |  5.9
Fire Magic     | 1 2 3 4 5 |  5.9
Ice Magic      | 1 2 3 4 5 |  5.9
Earth Magic    | 1 2 3 4 5 |  5.9
Alchemy        | 1 2 3 4 5 |  5.9
Dodging        | 5 6 7 8 |  8.5
Stealth        | 5 6 7 8 |  8.3
Air Magic      | 6 7 8 |  8.1

Action                     |  1- 3 |  4- 6 |  7- 9 | 10-12 || total
---------------------------+-------+-------+-------+-------++-------
  Melee: Dagger            |    32 |    26 |       |       ||    58
         Bite              |     1 |    10 |    11 |    14 ||    36
         Short sword       |       |    78 |    93 |    19 ||   190
         Punch             |       |     1 |       |     4 ||     5
         Staff             |       |       |       |    73 ||    73
  Throw: Dart              |     1 |     4 |     4 |       ||     9
         Boomerang         |       |       |     8 |    25 ||    33
   Cast: Shock             |    28 |     4 |    13 |     9 ||    54
         Static Discharge  |    11 |    35 |    33 |    18 ||    97
         Airstrike         |       |     8 |    50 |    77 ||   135
         Vhi's Electric Ch |       |       |     7 |     6 ||    13
         Olgreb's Toxic Ra |       |       |     1 |    29 ||    30
  Evoke: Phantom mirror    |       |       |       |     3 ||     3
    Use: Scroll            |     7 |     8 |     6 |     5 ||    26
         Potion            |     1 |       |     2 |     6 ||     9
   Stab: Sleeping          |     8 |       |       |       ||     8
 Armour: Robe              |    38 |    28 |       |       ||    66
         Leather armour    |       |   105 |   121 |   140 ||   366
         Skin              |       |       |       |    40 ||    40
  Dodge: Dodged            |    33 |   105 |    86 |    95 ||   319
  Block: Other             |       |       |    13 |    41 ||    54
         Reflection        |       |       |     1 |     2 ||     3
